 Dungeon Crawl Stone Soup version 0.27-a0-1272-g7c8ad2e407 (webtiles) character file.

Game seed: 8196196616551325832

7 Anathary the Magician (level 2, -1/21 HPs)
             Began as a Djinni Fire Elementalist on June 11, 2021.
             Slain by a hobgoblin (5 damage)
             ... on level 1 of the Dungeon.
             The game lasted 00:01:19 (257 turns).

Anathary the Magician (Djinni Fire Elementalist)     Turns: 257, Time: 00:01:20

Health: -1/21      AC:  2    Str:  7    XL:     2   Next: 5%
Gold:   13         EV: 12    Int: 16    God:
                   SH:  0    Dex: 13

rFire    + + .     SeeInvis .   b - +3 long sword
rCold    x . .     Faith    .   (no shield)
rNeg     . . .     Spirit   .   a - +0 robe
rPois    ∞         Reflect  .   (no helmet)
rElec    .         Harm     .   (no cloak)
rCorr    .         Rampage  .   (no gloves)
Will     .....                  (boots unavailable)
Stlth    ++........             (no amulet)
HPRegen  0.07/turn              (no ring)
MPRegen  0.00/turn              (no ring)

@: flying
A: sickness immunity, fire resistance 2, cold vulnerability 1, float, innate
caster, hp casting, extra vitality 1
a: no special abilities


You were on level 1 of the Dungeon.
You visited 1 branch of the dungeon, and saw 1 of its levels.

You collected 13 gold pieces.

Inventory:

Hand Weapons
 b - a +3 long sword (weapon)
Armour
 a - a +0 robe (worn)


   Skills:
 + Level 2.2 Dodging
 + Level 1.6 Stealth
 + Level 2.7 Spellcasting


You couldn't memorise any spells.
You knew the following spells:

 Your Spells              Type           Power      Damage    Failure   Level
a - Foxfire               Conj/Fire      40%        2x1d6     6%          1
b - Conjure Flame         Conj/Fire      10%        6-21      19%         3
c - Inner Flame           Hex/Fire       10%        N/A       19%         3
d - Sticky Flame          Conj/Fire      10%        2d3       52%         4
e - Fireball              Conj/Fire      5%         3d5       86%         5
Your spell library was empty.

Dungeon Overview and Level Annotations

Branches:
Dungeon (1/15)

Altars:


Innate Abilities, Weirdness & Mutations

You are immune to sickness and miasma.
You are immune to poison.
Your flesh is very heat resistant. (rF++)
You are vulnerable to cold. (rC-)
You float through the air rather than walking.
You learn spells naturally, not from books.
Your magical power is your life essence.
You have superior vitality. (+4 HP)


Message History

An endoplasm, a goblin and a hobgoblin come into view.
A goblin comes into view. It is wielding a +0 dagger.
The goblin shouts! x2; You hear a shout!
You see here a scroll labelled NAANEJ TEMYS.
Found a small ivory ring.
The hobgoblin shouts!
The endoplasm quivers.
You hit the goblin.
The goblin is moderately wounded.
The goblin hits you with a +0 club.
You slash the goblin!
You kill the goblin!
The endoplasm jiggles.
A kobold comes into view. It is wielding a +0 whip.
The goblin barely misses you.
You riposte.
You barely miss the goblin. The goblin completely misses you.
You riposte.
You barely miss the goblin.
A rat comes into view.
The kobold shouts!
You hit the goblin.
You kill the goblin!
You barely miss the hobgoblin. The hobgoblin barely misses you.
A giant cockroach comes into view.
A kobold comes into view. It is wielding a +0 short sword.
You closely miss the hobgoblin. The endoplasm freezes you.
You are frozen.
You feel a terrible chill! The hobgoblin closely misses you.
The endoplasm closely misses you.
You riposte.
You slash the endoplasm!
You kill the endoplasm!
The hobgoblin closely misses you.
You have reached level 2!
Casting: Foxfire (safe; 6% risk of failure)
Confirm with . or Enter, or press ? or * to list all spells.
You conjure some foxfire!
The hobgoblin hits you.
* * * LOW HITPOINT WARNING * * *
The foxfire hits the hobgoblin but does no damage. x2
You hit the hobgoblin but do no damage. The rat bites you.
* * * LOW HITPOINT WARNING * * *
The hobgoblin closely misses you. The kobold closely misses you.
The hobgoblin hits you.
You die...

..... .##.. ..... .. =
#. .....# .#.# .##..
.#..###.#.# ....
..##..#...?##.. . ...#
#............ .. #.>
#.##B)K..# ...
#.####.#.?rg).###.
....##........#@........
.........#####....K....#
#.....##................
#......##.....##.#.###.
#...........#....#...
####.######....### ###
...# #..##.# ##.#.#
###.## .# ###..#.###...#
.


You could see a giant cockroach, a hobgoblin, 2 kobolds and a rat.

Vanquished Creatures
  An endoplasm (D:1)
  2 goblins (D:1)
  A hobgoblin (D:1)
  2 ball pythons (D:1)
  A bat (D:1)
7 creatures vanquished.

Vanquished Creatures (others)
  7 foxfires (D:1)
7 creatures vanquished.

Grand Total: 14 creatures vanquished

Notes
Turn   | Place    | Note
-------+----------+-------------------------------------------
     0 | D:1      | Anathary the Djinni Fire Elementalist began the quest for
                  | the Orb.
     0 | D:1      | Reached XP level 1. HP: 15/15 MP: 0/0
   254 | D:1      | Reached XP level 2. HP: 8/21 MP: 0/0
   257 | D:1      | Slain by a hobgoblin

Illustrated notes

Levels and vault maps discovered:
D:1:      dpeg_arrival_shrine, layout_rooms, minmay_door_square

Action                   || total
-------------------------++-------
Melee: Long sword        ||     8
 Cast: Foxfire           ||     4
Armor: Robe              ||     2
Dodge: Dodged            ||    16
       Rpst.: Long sword ||     5

Table legend: (Time is in decaauts)
 A = Elapsed time spent in this place.
 B = Non-inter-level travel time spent in this place.
 C = Inter-level travel time spent in this place.
 D = Time resting spent in this place.
 E = Time spent auto-exploring this place.
 F = Levels seen in this place.
 G = Mean time per level.
                   A        B        C        D        E       F      G
               +--------+--------+--------+--------+--------+-----+--------+
         Total |    259 |    259 |      0 |    174 |     24 |   1 |  259.0 |
       Dungeon |    259 |    259 |      0 |    174 |     24 |   1 |  259.0 |
               +--------+--------+--------+--------+--------+-----+--------+

Top non-repeatable levels by time:
     D:1: 259 daAuts
